 Dungeon Crawl Stone Soup version 0.29-a0-451-gfbfa42419e (webtiles) character file.

Game seed: 9687861051417844660

47 happo123 the Ducker (level 3, 0/25 HPs)
             Began as a Djinni Earth Elementalist on May 20, 2022.
             Slain by a gnoll
             ... wielding a +0 spear
              (7 damage)
             ... on level 2 of the Dungeon.
             The game lasted 00:04:30 (1389 turns).

happo123 the Ducker (Djinni Earth Elementalist)     Turns: 1389, Time: 00:04:32

Health: 0/25       AC:  3    Str:  7    XL:     3   Next: 97%
Gold:   54         EV: 12    Int: 18    God:
                   SH:  0    Dex: 13

rFire   + + .      SeeInvis .   (no weapon)
rCold   x . .      Faith    .   (no shield)
rNeg    . . .      Spirit   .   b - +0 robe
rPois   ∞          Reflect  .   (no helmet)
rElec   .          Harm     .   h - +0 cloak
rCorr   .          Rampage  .   (no gloves)
Will    .....                   (boots unavailable)
Stlth   ++........              (no amulet)
HPRegen 0.08/turn               (no ring)
MPRegen 0.00/turn               (no ring)

@: flying, very slightly contaminated
A: sickness immunity, fire resistance 2, cold vulnerability 1, float, innate
caster, HP casting, extra vitality 1
a: no special abilities


You were on level 2 of the Dungeon.
You visited 1 branch of the dungeon, and saw 2 of its levels.

You collected 54 gold pieces.

Inventory:

Missiles
 a - 46 stones
Armour
 b - a +0 robe (worn)
 h - a +0 cloak (worn)
Magical Staves
 j - a staff of poison
Scrolls
 k - a scroll of identify {unknown}
 l - a scroll of silence {unknown}
Potions
 c - a potion of invisibility {unknown}
 d - a potion of curing {unknown}
 e - a potion of heal wounds {unknown}
 f - 3 potions of attraction {unknown}
 g - a potion of might {unknown}
 i - a potion of lignification {unknown}


   Skills:
 + Level 3.0 Dodging
 + Level 2.3 Stealth
 + Level 2.8 Spellcasting


You couldn't memorise any spells.
You knew the following spells:

 Your Spells              Type           Power      Damage    Failure   Level
a - Sandblast             Erth           24%        2d8       4%          1
b - Passwall              Tmut/Erth      10%        N/A       8%          2
c - Stone Arrow           Conj/Erth      24%        3d8       16%         3
d - Petrify               Tmut/Erth      12%        N/A       45%         4
e - Slow                  Hex            48%        N/A       4%          1
Your spell library was empty.

Dungeon Overview and Level Annotations

Branches:
Dungeon (2/15)

Altars:


Innate Abilities, Weirdness & Mutations

You are immune to sickness and miasma.
You are immune to poison.
Your flesh is very heat resistant. (rF++)
You are vulnerable to cold. (rC-)
You float through the air rather than walking.
You learn spells naturally, not from books.
Your magical power is your life essence.
You have superior vitality. (+4 MHP)


Message History

The gnoll is moderately wounded.
The gnoll shouts!
A gnoll comes into view. It is wielding a +0 spear.
Aiming: Sandblast (safe; 5% risk of failure)
Press: ? - help, Q - select action, (/) - cycle Shift-Dir - straight line, f/p - gnoll
Aim: a gnoll, wielding a +0 whip (moderately wounded, 82% to hit)
The blast of sand hits the gnoll.
The gnoll is heavily wounded.
Aiming: Sandblast (safe; 5% risk of failure)
Press: ? - help, Q - select action, (/) - cycle Shift-Dir - straight line, f - gnoll, p - gnoll
Aim: a gnoll, wielding a +0 spear (82% to hit)
The blast of sand hits the gnoll.
The gnoll is almost dead.
The gnoll hits you with a +0 whip.
The gnoll hits you from afar with a +0 spear!
Aiming: Sandblast (safe; 5% risk of failure)
Press: ? - help, Q - select action, (/) - cycle Shift-Dir - straight line, f/p - gnoll
Aim: a gnoll, wielding a +0 spear (82% to hit)
You miscast Sandblast.
You are very lightly contaminated with residual magic.
Nothing appears to happen.
The gnoll misses you. The gnoll closely misses you.
Really attack while wielding nothing? [Y]es or [N]o only, please.
Really attack while wielding nothing?
Okay, then.
Aiming: Sandblast (safe; 5% risk of failure)
Press: ? - help, Q - select action, (/) - cycle Shift-Dir - straight line, f/p - gnoll
Aim: a gnoll, wielding a +0 spear (82% to hit)
The blast of sand hits the gnoll!
You kill the gnoll!
The gnoll hits you but does no damage.
Your Dodging skill increases to level 3!
Aiming: Sandblast (safe; 4% risk of failure)
Press: ? - help, Q - select action, (/) - cycle Shift-Dir - straight line, f/p - gnoll
Aim: a gnoll, wielding a +0 spear (82% to hit)
The blast of sand hits the gnoll but does no damage.
* * * LOW HITPOINT WARNING * * *
The gnoll hits you from afar with a +0 spear!
You die...

.....##....#....#..#..§P§...####
.....##....#P.♣P.P....♣P.P..#####
########## ♣.P.#♣.♣♣..§≈♣.♣......
♣♣P#+#♣.♣♣.♣[....##.## ♣##.
#♣..♣♣.♣♣♣.##.#. .$
#.♣...§.)..##.#.
#g##..♣♣♣♣..P.##.#.
#)#.......♣♣...#.#.
♣♣♣#@♣♣.♣♣♣...##.#.#.
♣.....♣.♣....##......
#.♣P..♣.P.♣...##.#..##
♣♣♣...♣.♣♣♣.♣..#..##
♣..♣♣..♣P.P.♣.#..##
§♣♣.♣..P.P♣.♣.P....#
§§.....♣P..P.♣.#.#.#
♣§.P♣P..♣...♣##.#.#
♣♣♣♣♣..♣♣♣♣♣.#..#.##


You could see a gnoll.

Vanquished Creatures
  A gnoll (D:2)
  An adder (D:2)
  2 dart slugs (D:1)
  A ball python (D:1)
  An endoplasm (D:2)
  3 giant cockroaches
  A goblin (D:2)
  2 hobgoblins
  5 quokkas (D:2)
  3 bats
  A frilled lizard (D:2)
  A kobold (D:1)
  A rat (D:1)
23 creatures vanquished.

Vanquished Creatures (others)
  7 plants (D:2)
7 creatures vanquished.

Grand Total: 30 creatures vanquished

Notes
Turn   | Place    | Note
-------+----------+-------------------------------------------
     0 | D:1      | happo123 the Djinni Earth Elementalist began the quest for
                  | the Orb.
     0 | D:1      | Reached XP level 1. HP: 15/15 MP: 0/0
   301 | D:1      | You are sucked into a shaft and drop 1 floor!
   327 | D:2      | Reached XP level 2. HP: 14/21 MP: 0/0
   686 | D:2      | Reached XP level 3. HP: 24/25 MP: 0/0
   686 | D:2      | Learned a level 1 spell: Slow
   786 | D:1      | Found a faded altar of an unknown god.
  1389 | D:2      | Reached skill level 3 in Dodging
  1389 | D:2      | Slain by a gnoll

Illustrated notes

Levels and vault maps discovered:
D:1:      zaba_arrival_water, layout_loops_ring,
          shapermc_ecumenical_altar_mp_urbaneastern,
          hangedman_abyss_or_decor_lesser_grid, minmay_pentomino_p2
D:2:      wad_woods_tower, layout_basic

Skill      XL: |  1  2  3 |
---------------+----------+-----
Stealth        | 2 |  2.3
Dodging        | 3 |  3.0
Spellcasting   | |  2.8

Action                   || total
-------------------------++-------
 Cast: Sandblast         ||    43
Armor: Robe              ||     3
Dodge: Dodged            ||    17

Table legend: (Time is in decaauts)
 A = Elapsed time spent in this place.
 B = Non-inter-level travel time spent in this place.
 C = Inter-level travel time spent in this place.
 D = Time resting spent in this place.
 E = Time spent auto-exploring this place.
 F = Levels seen in this place.
 G = Mean time per level.
                   A        B        C        D        E       F      G
               +--------+--------+--------+--------+--------+-----+--------+
         Total |   1388 |   1339 |     49 |      0 |   1208 |   2 |  694.0 |
       Dungeon |   1388 |   1339 |     49 |      0 |   1208 |   2 |  694.0 |
               +--------+--------+--------+--------+--------+-----+--------+

Top non-repeatable levels by time:
     D:1: 756 daAuts
     D:2: 631 daAuts
